 Dungeon Crawl Stone Soup version 0.32-a0-422-g28b100f618 (webtiles) character file.

Game seed: 16928260211279033908

142964 tilp the Warrior (level 16, -3/133 (139) HPs)
             Began as a Vampire Enchanter on Feb 20, 2024.
             Was the Champion of Wu Jian.
             Slain by a spark wasp (13 damage)
             ... on level 4 of the Spider Nest on Feb 21, 2024.
             The game lasted 01:08:35 (34724 turns).

tilp the Warrior (Vampire Enchanter)               Turns: 34724, Time: 01:08:36

HP:   -3/133 (139)  AC: 19    Str:  7    XL:     16   Next: 81%
MP:   14/29         EV: 23    Int: 22    God:    Wu Jian [******]
Gold: 1546          SH:  6    Dex: 16    Spells: 22/33 levels left

rFire   . . .        b - +8 Vampire's Tooth {megavamp}
rCold   . . .        f - +2 buckler
rNeg    . . .        S - +0 steam dragon scales
rPois   +            R - +2 helmet
rElec   .            P - +2 cloak
rCorr   +            B - +2 pair of gloves
SInv    +            K - +2 pair of boots
Will    +....        F - amulet of regeneration
Stlth   ++++++       n - ring "Zoerusie" {rPois rCorr}
HPRegen 1.42/turn    w - +5 ring of evasion
MPRegen 0.21/turn

%: no passive effects
@: lethally poisoned (-3 -> -21), healing quickly, lightly drained
A: alive, fangs 3, see invisible, vampiric 2, dopey 1
a: Exsanguinate, Renounce Religion, Wall Jump, Serpent's Lash, Heavenly Storm


You were on level 4 of the Spider Nest.
You worshipped Wu Jian.
Wu Jian was exalted by your worship.
You visited 5 branches of the dungeon, and saw 27 of its levels.
You visited 1 bazaar.
You also visited: Ossuary.

You collected 2680 gold pieces.
You spent 1134 gold pieces at shops.

Inventory:

Hand Weapons
 a - a +8 dagger of freezing
 b - the +8 Vampire's Tooth (weapon) {megavamp}
   (You acquired it on level 2 of the Spider Nest)
 D - the +5 hand axe of Friendship {flame, *Slow rPois rC+ Str+3 Dex+2}
   (You found it on level 5 of the Lair of Beasts)

   Str+3:     It affects your strength (+3).
   Dex+2:     It affects your dexterity (+2).
   rC+:       It protects you from cold.
   rPois:     It protects you from poison *Slow: It may slow you when you take
   damage.
Missiles
 g - 48 poisoned darts (quivered)
 j - 6 atropa-tipped darts
 k - 10 boomerangs
 y - 2 javelins
 H - 7 curare-tipped darts {!f}
 J - a throwing net {!f}
 T - 2 darts of dispersal
Armour
 f - a +2 buckler (worn)
 B - a +2 pair of gloves (worn)
 K - a +2 pair of boots (worn)
 P - a +2 cloak (worn)
 R - a +2 helmet (worn)
 S - +0 steam dragon scales (worn)
 U - a +2 robe of resistance
Magical Staves
 G - a staff of conjuration
Jewellery
 e - a ring of protection from cold
 n - the ring "Zoerusie" (left hand) {rPois rCorr}
   (You bought it in a shop on level 3 of the Dungeon)

   [ring of resist corrosion]

   rPois:     It protects you from poison rCorr: It protects you from acid and
   corrosion.
 w - a +5 ring of evasion (right hand)
 E - a ring of protection from fire
 F - an amulet of regeneration (around neck)
Wands
 p - a wand of flame (24)
 r - a wand of light (5)
 L - a wand of polymorph (5)
 M - a wand of charming (27)
 Q - a wand of roots (28)
 W - a wand of mindburst (5)
Scrolls
 h - 2 scrolls of amnesia
 i - 2 scrolls of fear
 o - 10 scrolls of teleportation
 A - 4 scrolls of blinking
 C - 5 scrolls of vulnerability
 I - 6 scrolls of poison
 N - a scroll of revelation
 O - a scroll of brand weapon
 V - a scroll of torment
 X - a scroll of silence
Potions
 c - 3 potions of invisibility
 d - 4 potions of heal wounds
 l - a potion of magic
 m - 4 potions of haste
 q - 5 potions of mutation
 s - 3 potions of enlightenment
 t - a potion of berserk rage
 u - 4 potions of cancellation
 v - 13 potions of curing
 x - 5 potions of lignification
 z - 4 potions of attraction
 Y - 2 potions of ambrosia
 Z - a potion of resistance


   Skills:
 * Level 16.7 Fighting
 - Level 10.0 Short Blades
 + Level 7.2 Armour
 + Level 11.9 Dodging
 - Level 15.0 Stealth
 + Level 0.7 Shields
 - Level 9.0 Spellcasting
 - Level 4.0 Conjurations
 - Level 15.0 Hexes
 - Level 2.0 Ice Magic
 - Level 8.0 Evocations


You had 22 spell levels left.
You knew the following spells:

 Your Spells              Type           Power      Damage    Failure   Level
a - Ensorcelled Hibernat  Hex/Ice        94%        N/A       1%          2
b - Confusing Touch       Hex            66%        N/A       1%          3
c - Tukima's Dance        Hex            66%        N/A       1%          3
d - Dazzling Flash        Conj/Hex       100%       N/A       1%          3

Your spell library contained the following spells:

 Spells                   Type           Power      Damage    Failure   Level
 Slow                     Hex            100%       N/A       1%          1
 Sigil of Binding         Hex            66%        N/A       1%          3
 Magic Dart               Conj           100%       1d8       2%          1
 Searing Ray              Conj           54%        2d6       3%          2
 Kiss of Death            Conj/Necr      72%        2d10      4%          1
 Shock                    Conj/Air       72%        1d7       4%          1
 Anguish                  Hex/Necr       21%        N/A       4%          4
 Ozocubu's Armour         Ice            18%        N/A       14%         3
 Call Imp                 Summ           18%        N/A       17%         2
 Lesser Beckoning         Tloc           18%        N/A       17%         2
 Sublimation of Blood     Necr           9%         N/A       17%         2
 Fugue of the Fallen      Necr           9%         N/A       32%         3
 Gell's Gravitas          Tloc           9%         N/A       32%         3
 Swiftness                Air            9%         N/A       32%         3
 Teleport Other           Tloc           9%         N/A       32%         3
 Vampiric Draining        Necr           9%         2d6       32%         3
 Brom's Barrelling Bould  Conj/Erth      18%        2d4       43%         4
 Fulminant Prism          Conj/Alch      9%         3d6       43%         4
 Iskenderun's Battlesphe  Conj           27%        2d8       52%         5
 Airstrike                Air            4%         2d(1-17)  73%         4
 Dispel Undead            Necr           9%         3d8       73%         4
 Manifold Assault         Tloc           9%         N/A       73%         4
 Fireball                 Conj/Fire      9%         3d6       80%         5
 Conjure Ball Lightning   Conj/Air       9%         3x3d6     100%        6
 Dispersal                Tloc           4%         N/A       100%        6
 Haunt                    Necr/Summ      4%         N/A       100%        7
 Orb of Destruction       Conj           13%        9d7       100%        7
 Summon Hydra             Summ           4%         N/A       100%        7
 Disjunction              Tloc           4%         N/A       100%        8
 Borgnjor's Revivificati  Necr           Unusable   N/A       N/A         8
 Death's Door             Necr           Unusable   N/A       N/A         9

Dungeon Overview and Level Annotations

Branches:
Dungeon (15/15)            Temple (1/1) D:5            Lair (5/5) D:11
  Swamp (0/4) Lair:2       Spider (4/4) Lair:3        Slime (0/5) Lair:4
    Orc (2/2) D:10            Elf (0/3) Orc:2        Vaults (0/5) D:13
 Depths (0/4) D:15        Ossuary (visited)

Altars:
Ashenzari
Cheibriados
Dithmenos
Fedhas
Gozag
Hepliaklqana
Kikubaaqudgha
Makhleb
Nemelex Xobeh
Okawaru
Qazlal
Ru
Sif Muna
Trog
Uskayaw
Vehumet
Wu Jian
Xom
Yredelemnul
Jiyva

Shops:
D:3 ((*=   D:12 [   D:15 !   Orc:2 !([!

Portals:
Abyss: D:14
Trove: D:14 (give +3 gold dragon scales)

Annotations:
D:12 Rupert
D:14 2 transporters (abyss vault), Agruq Axkidd's ghost, journeyman GrEE; Roxanne
Orc:1 2 transporters, TobyConnect's ghost, journeyman DsFi


Innate Abilities, Weirdness & Mutations

Your natural rate of healing is accelerated.
You have razor-sharp teeth.
You have supernaturally acute eyesight. (SInv)
You are afflicted with vampirism and can become a bat while bloodless.
You are dopey. (Int -2)


Message History

* * * LOW HITPOINT WARNING * * *
The wolf spider misses you.
Casting: Ensorcelled Hibernation (safe; 1% risk of failure)
Confirm with . or Enter, or press ? or * to list all spells.
Aiming: Ensorcelled Hibernation (safe; 1% risk of failure)
Press: ? - help, Shift-Dir - straight line, f/p - moth of wrath
Aim: a moth of wrath (chance to affect: 52%)
The wolf spider is unaffected.
The redback completely misses you. The wolf spider misses you.
The wolf spider bites you but does no damage.
The spark wasp stings you but does no damage.
The redback misses you. The wolf spider hits you!!
* * * LOW HITPOINT WARNING * * *
The wolf spider bites you but does no damage.
The spark wasp stings you but does no damage.
Unknown command.
Casting: Ensorcelled Hibernation (safe; 1% risk of failure)
Confirm with . or Enter, or press ? or * to list all spells.
Aiming: Ensorcelled Hibernation (safe; 1% risk of failure)
Press: ? - help, Shift-Dir - straight line, f - redback, p - moth of wrath
Aim: a redback (lightly wounded, berserk, soul bound, not susceptible)
The redback is unaffected.
The redback completely misses you. The wolf spider completely misses you.
The wolf spider bites you!
* * * LOW HITPOINT WARNING * * *
You are lethally poisoned!
The wolf spider poisons you! The redback misses you.
The spark wasp completely misses you. The wolf spider closely misses you.
The wolf spider bites you but does no damage.
Casting: Ensorcelled Hibernation (safe; 1% risk of failure)
Confirm with . or Enter, or press ? or * to list all spells.
Aiming: Ensorcelled Hibernation (safe; 1% risk of failure)
Press: ? - help, Shift-Dir - straight line, f - spark wasp, p - redback
Aim: a spark wasp (chance to affect: 52%)
The spark wasp resists with significant effort.
* * * LOW HITPOINT WARNING * * *
You feel extremely sick. The redback barely misses you.
You block the wolf spider's attack. The wolf spider closely misses you.
The redback misses you. The spark wasp stings you!
You die...

#..### ....^
#...^####..$#
.^##.......$..#
...w...........
.y^.ss....##
..#..###..!## #
##.#....#
#######....####
##.s@#.......[#
######..ys#.y......#
#...^#^..y......####
#............####
#............#
######....#..#
#.........#.##
#.........###
#.....###.^###


You could see a spark wasp, a wolf spider (berserk, soul bound), a moth of wrath
and a redback (berserk, soul bound).

Vanquished Creatures
  An emperor scorpion (Spider:1)
  Louise (Spider:3)
  2 ghost moths (Spider:1)
  A broodmother (Spider:3)
  Nessos (Lair:3)
  2 dire elephants (Spider:2)
  Snorg (D:14)
  Josephine (Lair:4)
  An entropy weaver (Spider:3)
  8 hydras
  2 vault guards (D:13)
  Erolcha (Orc:1)
  An ironbound frostheart (D:13)
  6 centaur warriors
  3 radroaches
  12 two-headed ogres
  The ghost of heinrich the Destroyer, a journeyman DsHW of Vehumet (D:10)
  13 death yaks
  4 boulder beetles
  A sphinx skeleton (D:15)
  A vampire mage (D:15)
  2 ogre magi (Orc:2)
  2 tengu warriors (D:14)
  5 demonic crawlers
  Sonja (Lair:4)
  A deep elf knight (Spider:2)
  12 skeletal warriors
  4 pharaoh ants
  A dancing weapon (D:6)
  2 deep trolls (Orc:2)
  A sun moth (Spider:3)
  An orc knight (Orc:1)
  5 orb spiders
  An arcanist (D:13)
  4 lindwurms (Lair:5)
  A necromancer (D:15)
  3 steelbarb worms
  A deep elf archer (Spider:2)
  2 orc sorcerers (Orc:1)
  4 deep elf pyromancers
  6 cyclopes
  An ugly thing (D:13)
  12 wolf spiders
  2 manticores
  2 oklob plants
  A moth of wrath (Spider:2)
  Joseph (D:8)
  7 black mambas
  A molten gargoyle (D:15)
  13 elephants
  2 gargoyles
  A guardian serpent (Lair:5)
  4 torpor snails
  A freezing wraith (D:15)
  10 cane toads
  7 rime drakes
  10 komodo dragons
  2 unseen horrors
  A tengu conjurer (D:14)
  A polar bear (shapeshifter) (D:13)
  3 polar bears
  13 trolls
  15 tarantellas
  3 tyrant leeches (Lair:2)
  4 hornets
  Prince Ribbit (D:5)
  A spriggan zombie (D:15)
  14 slime creatures
  8 blink frogs
  19 culicivoras
  16 jumping spiders
  5 wraiths
  23 wyverns
  A water elemental (D:15)
  A yak (shapeshifter) (D:15)
  58 yaks
  12 basilisks
  Grum (Lair:1)
  4 fire elementals
  3 humans (D:13)
  6 vampire mosquitoes
  2 steam dragons
  45 redbacks
  Menkaure (D:5)
  2 swamp worms (Lair:2)
  An acid dragon (D:12)
  20 water moccasins
  3 hell hounds
  An ice beast (D:7)
  12 orc warriors
  2 sky beasts
  21 ogres
  4 black bears
  6 wolves
  5 centaurs
  A phantom (D:5)
  Blork the orc (D:6)
  5 kobold brigands
  7 bullfrogs
  11 scorpions
  2 gnoll sergeants
  3 wights
  3 killer bees (D:9)
  4 electric eels
  3 howler monkeys
  3 lava snakes (D:15)
  2 centaur zombies (Ossuary)
  10 orc priests
  3 jellies (Lair:4)
  A human zombie (Ossuary)
  5 hounds (D:11)
  Terence (D:2)
  4 scorpion zombies (Ossuary)
  10 orc wizards
  4 hell rats (Lair:5)
  3 mummies (Ossuary)
  8 gnolls
  4 adders
  A shadow imp (D:5)
  A white imp (D:6)
  2 adder zombies (Ossuary)
  3 dart slugs
  32 orcs
  7 ball pythons
  10 endoplasms
  2 giant cockroaches
  A gnoll zombie (Ossuary)
  5 hobgoblins
  4 jackals (D:3)
  3 quokkas
  3 ball python zombies (Ossuary)
  6 bats
  5 frilled lizards
  7 goblins
  4 jackal zombies (Ossuary)
  33 kobolds
  3 orc zombies (Ossuary)
  5 rats
  A butterfly (Lair:1)
774 creatures vanquished.

Vanquished Creatures (collateral kills)
  An orc knight (Orc:1)
  An orc warrior (Orc:1)
  3 wights
  2 orc priests (Orc:1)
  An orc (Orc:1)
8 creatures vanquished.

Vanquished Creatures (others)
  3 dancing weapons
  A culicivora (Spider:1)
  An orc (Orc:1)
5 creatures vanquished.

Grand Total: 787 creatures vanquished

Notes
Turn   | Place    | Note
-------+----------+-------------------------------------------
     0 | D:1      | tilp the Vampire Enchanter began the quest for the Orb.
     0 | D:1      | Reached XP level 1. HP: 13/13 MP: 3/3
    57 | D:1      | Reached XP level 2. HP: 20/20 MP: 5/5
    60 | D:1      | Learned a level 2 spell: Ensorcelled Hibernation
   248 | D:1      | Reached skill level 1 in Fighting
   263 | D:1      | Gained mutation: You are afflicted with vampirism and can
                  | become a bat while bloodless. [Vampire growth]
   263 | D:1      | Reached XP level 3. HP: 26/26 MP: 6/6
   305 | D:1      | Learned a level 3 spell: Confusing Touch
  1222 | D:2      | Noticed Terence
  1229 | D:2      | Killed Terence
  1230 | D:2      | Reached XP level 4. HP: 32/32 MP: 2/7
  1537 | D:3      | Found Yptip's Jewellery Emporium.
  1609 | D:3      | Reached skill level 1 in Ice Magic
  1663 | D:3      | Found Zacrom's General Store.
  1751 | D:3      | Found a hide-covered altar of Uskayaw.
  1764 | D:3      | Found Burakadgh's Antique Weapon Boutique.
  1769 | D:3      | Found Egageogh's Antique Weapon Boutique.
  1771 | D:3      | Found Upaek's Magic Scroll Shop.
  1779 | D:3      | Reached XP level 5. HP: 30/38 MP: 8/8
  1826 | D:3      | Bought a scroll of teleportation for 30 gold pieces
  2013 | D:3      | Bought a scroll of enchant armour for 75 gold pieces
  2013 | D:3      | Bought a scroll of identify for 20 gold pieces
  2013 | D:3      | Bought a scroll of identify for 20 gold pieces
  2094 | D:4      | Reached skill level 2 in Fighting
  2094 | D:4      | Reached skill level 5 in Stealth
  2094 | D:4      | Reached skill level 5 in Hexes
  2635 | D:5      | Entered Level 5 of the Dungeon
  2635 | D:5      | Noticed an ogre
  2640 | D:5      | Killed an ogre
  2641 | D:5      | Reached XP level 6. HP: 46/46 MP: 7/10
  2764 | D:5      | Found a sand-covered staircase.
  2766 | D:5      | Noticed Menkaure
  2776 | D:5      | Killed Menkaure
  2826 | Ossuary  | Entered an ossuary
  2864 | Ossuary  | Reached skill level 3 in Fighting
  2864 | Ossuary  | Reached XP level 7. HP: 38/52 MP: 7/11
  3413 | Ossuary  | Reached skill level 4 in Fighting
  3413 | Ossuary  | Reached XP level 8. HP: 43/60 MP: 10/13
  3534 | Ossuary  | Reached skill level 5 in Short Blades
  3668 | D:5      | Found a shadowy altar of Dithmenos.
  3753 | D:5      | Noticed an angel
  3764 | D:5      | Found a basalt altar of Yredelemnul.
  3903 | D:5      | Found a staircase to the Ecumenical Temple.
  3903 | D:5      | Noticed Prince Ribbit
  3907 | D:5      | Killed Prince Ribbit
  3910 | Temple   | Entered the Ecumenical Temple
  3919 | Temple   | Became a worshipper of the Wu Jian Council
  4047 | D:5      | You fall into a shaft and drop 2 floors!
  4268 | D:6      | Found an opulent altar of Gozag.
  4399 | D:6      | Learned a level 3 spell: Tukima's Dance
  4403 | D:6      | Learned a level 3 spell: Dazzling Flash
  4506 | D:3      | Bought a scroll of vulnerability for 40 gold pieces
  4506 | D:3      | Bought a scroll of identify for 20 gold pieces
  4534 | D:3      | Bought a potion of lignification for 42 gold pieces
  5438 | D:6      | Found a blossoming altar of Fedhas.
  5477 | D:6      | Reached skill level 5 in Fighting
  5580 | D:6      | Reached XP level 9. HP: 68/68 MP: 15/15
  5971 | D:6      | Noticed Blork the orc
  5974 | D:6      | Killed Blork the orc
  5975 | D:6      | Reached skill level 5 in Dodging
  6234 | D:7      | Identified the +8 trident of Ifaaghuv {holy, rC- rN+ Dex+2}
  6279 | D:7      | Reached skill level 1 in Conjurations
  6369 | D:7      | Found a bloodstained altar of Trog.
  6579 | D:7      | Reached * piety under Wu Jian
  7118 | D:8      | Noticed Joseph
  7132 | D:8      | Killed Joseph
  7136 | D:8      | Reached skill level 6 in Fighting
  7499 | D:8      | Found an iron altar of Okawaru.
  8269 | D:9      | Noticed a two-headed ogre
  8273 | D:9      | Killed a two-headed ogre
  8274 | D:9      | Reached skill level 5 in Spellcasting
  8274 | D:9      | Reached XP level 10. HP: 77/77 MP: 14/17
  8491 | D:9      | Reached ** piety under Wu Jian
  8589 | D:9      | Reached skill level 7 in Fighting
  9092 | D:10     | Entered Level 10 of the Dungeon
  9113 | D:10     | Found a staircase to the Orcish Mines.
  9246 | D:10     | Found a large runed translucent door.
  9334 | D:10     | Found a transporter.
  9335 | D:10     | Found a transporter.
  9337 | D:10     | Found a transporter.
  9371 | D:10     | Found a transporter.
  9442 | D:10     | Noticed a gargoyle
  9450 | D:10     | Killed a gargoyle
  9451 | D:10     | Reached skill level 10 in Stealth
  9481 | D:10     | Found a hazy altar of Hepliaklqana.
  9481 | D:10     | Noticed a centaur warrior
  9496 | D:10     | Killed a centaur warrior
  9497 | D:10     | Reached XP level 11. HP: 61/86 MP: 9/18
  9740 | D:10     | Reached skill level 8 in Fighting
  9841 | D:10     | Found a large runed translucent door.
  9847 | D:10     | Noticed heinrich's ghost (journeyman DsHW)
  9877 | D:11     | Reached skill level 10 in Short Blades
  9901 | D:11     | Noticed a two-headed ogre
  9910 | D:11     | Killed a two-headed ogre
  9911 | D:11     | Reached skill level 10 in Hexes
 10222 | D:11     | Found a staircase to the Lair.
 10535 | D:11     | Reached skill level 1 in Evocations
 10797 | D:11     | Reached *** piety under Wu Jian
 11080 | Lair:1   | Entered Level 1 of the Lair of Beasts
 11792 | Lair:1   | Noticed a death yak
 11797 | Lair:1   | Noticed a death yak
 11798 | Lair:1   | Noticed Grum
 11938 | Lair:1   | Killed Grum
 11939 | Lair:1   | Reached skill level 9 in Fighting
 12126 | Lair:1   | Found a runed translucent door.
 12282 | Lair:1   | Killed a death yak
 12301 | Lair:1   | Killed a death yak
 12854 | Lair:2   | Reached XP level 12. HP: 95/95 MP: 20/20
 13528 | Lair:2   | Noticed a death yak
 13528 | Lair:2   | Noticed a death yak
 13528 | Lair:2   | Noticed a death yak
 13528 | Lair:2   | Noticed a death yak
 13560 | Lair:2   | Killed a death yak
 13744 | Lair:2   | Noticed a death yak
 13756 | Lair:2   | Noticed a death yak
 13761 | Lair:2   | Killed a death yak
 14050 | Lair:1   | Killed a death yak
 14259 | Lair:2   | Found a staircase to the Swamp.
 14317 | Lair:2   | Killed a death yak
 14349 | Lair:2   | Killed a death yak
 14368 | Lair:2   | Killed a death yak
 15072 | Lair:3   | Noticed Nessos
 15077 | Lair:3   | Killed Nessos
 15078 | Lair:3   | Reached skill level 10 in Fighting
 15080 | Lair:3   | Reached **** piety under Wu Jian
 15185 | Lair:3   | Noticed a five-headed hydra
 15240 | Lair:3   | Killed a five-headed hydra
 15737 | Lair:3   | Reached skill level 11 in Fighting
 15819 | Lair:3   | Reached XP level 13. HP: 106/106 MP: 18/23
 15863 | Lair:3   | Reached skill level 1 in Armour
 15897 | Lair:3   | You fall into a shaft and drop 2 floors!
 15897 | Lair:5   | Entered Level 5 of the Lair of Beasts
 16560 | Lair:3   | Found a hole to the Spider Nest.
 16925 | Lair:4   | Reached skill level 12 in Fighting
 17164 | Lair:4   | Reached ***** piety under Wu Jian
 17312 | Lair:4   | Found a burning altar of Makhleb.
 17565 | Lair:4   | Found a viscous altar of Jiyva.
 17566 | Lair:4   | Noticed Josephine
 17634 | Lair:4   | Killed Josephine
 17820 | Lair:4   | Noticed Sonja
 18336 | Lair:4   | Found a staircase to the Slime Pits.
 18509 | Lair:4   | Killed Sonja
 19572 | Lair:5   | Reached skill level 5 in Evocations
 19572 | Lair:5   | Reached XP level 14. HP: 91/116 MP: 13/25
 20470 | Lair:5   | Reached skill level 13 in Fighting
 21423 | Lair:5   | Identified the +5 hand axe of Friendship {flame, *Slow
                  | rPois rC+ Str+3 Dex+2}
 22096 | D:10     | Killed heinrich's ghost
 22269 | Orc:1    | Entered Level 1 of the Orcish Mines
 22444 | Orc:1    | Noticed Erolcha
 22448 | Orc:1    | Reached ****** piety under Wu Jian
 22456 | Orc:1    | Killed Erolcha
 22521 | Orc:1    | Found a transporter.
 22521 | Orc:1    | Noticed TobyConnect's ghost (journeyman DsFi)
 22597 | Orc:1    | You fall into a shaft and drop 1 floor!
 22597 | Orc:2    | Entered Level 2 of the Orcish Mines
 22597 | Orc:2    | Found a shimmering altar of Xom.
 22612 | Orc:2    | Found a flickering gateway to a bazaar.
 22647 | Bazaar   | Entered a bazaar
 22647 | Bazaar   | Found Bosecof's Weapon Emporium.
 22647 | Bazaar   | Found Kash's Magic Scroll Shoppe.
 22647 | Bazaar   | Found Baru's Antique Weapon Emporium.
 22671 | Bazaar   | Bought a scroll of brand weapon for 133 gold pieces
 22671 | Bazaar   | Bought a scroll of teleportation for 42 gold pieces
 22671 | Bazaar   | Bought a scroll of teleportation for 42 gold pieces
 22671 | Bazaar   | Bought a scroll of teleportation for 42 gold pieces
 22671 | Bazaar   | Bought a scroll of teleportation for 42 gold pieces
 22683 | Orc:2    | Found a staircase to the Elven Halls.
 22722 | Orc:1    | Noticed an orc warlord
 22748 | Orc:1    | Found a transporter.
 23823 | Orc:2    | Found Koifemp's Antique Weapon Shoppe.
 23922 | Orc:2    | Reached skill level 5 in Armour
 24209 | Orc:2    | Reached XP level 15. HP: 115/125 MP: 10/27
 24213 | Orc:2    | Reached skill level 10 in Dodging
 24517 | Orc:2    | Found Hynlihao's Distillery.
 24522 | Orc:2    | Found Felugh's Distillery.
 24615 | Orc:2    | Found Mojukuir's Antique Armour Emporium.
 24670 | Orc:2    | Upgraded the game from 0.32-a0-407-g4da7c8d6d1 to
                  | 0.32-a0-422-g28b100f618
 24700 | Orc:2    | Bought a potion of heal wounds for 70 gold pieces
 24982 | D:12     | Noticed Rupert
 24995 | D:12     | Found the +5 Force Lance {heavy, knockback}
 25068 | D:12     | Reached skill level 14 in Fighting
 25278 | D:12     | Found Jusemit's Antique Armour Shoppe.
 25744 | D:13     | Found a gate to the Vaults.
 25749 | D:13     | Reached skill level 15 in Stealth
 26631 | D:14     | Found a transporter.
 26648 | D:14     | Found a transporter.
 26731 | D:14     | Noticed a tentacled monstrosity
 26732 | D:14     | Found a one-way gate to the infinite horrors of the Abyss.
 26732 | D:14     | Noticed Agruq Axkidd's ghost (journeyman GrEE)
 26881 | D:14     | Found a portal to a secret trove of treasure.
 26906 | D:14     | Noticed Snorg
 26911 | D:14     | Killed Snorg
 26912 | D:14     | Reached skill level 15 in Hexes
 27142 | D:14     | Noticed Roxanne
 27477 | D:15     | Entered Level 15 of the Dungeon
 27587 | D:15     | Reached skill level 15 in Fighting
 27912 | D:15     | Found a staircase to the Depths.
 28547 | D:15     | Found Vairyv's Distillery.
 28552 | D:15     | Bought a potion of heal wounds for 80 gold pieces
 29141 | D:3      | Bought the ring "Zoerusie" {rPois rCorr} for 436 gold
                  | pieces
 29419 | Spider:1 | Entered Level 1 of the Spider Nest
 29576 | Spider:1 | Reached XP level 16. HP: 136/136 MP: 21/29
 31542 | Spider:2 | Reached skill level 16 in Fighting
 32542 | Spider:2 | Identified a scroll of acquirement
 32547 | Spider:2 | Acquired the +8 Vampire's Tooth {megavamp}
 32547 | Spider:2 | Found the +8 Vampire's Tooth {megavamp}
 33452 | Spider:3 | Noticed Louise
 33464 | Spider:3 | Killed Louise
 33711 | Spider:3 | Gained mutation: You are dopey. (Int -2) [mutagenic glow]
 34586 | Spider:4 | Entered Level 4 of the Spider Nest
 34724 | Spider:4 | Slain by a spark wasp

Illustrated notes

Levels and vault maps discovered:
D:1:      amcnicky_arrival_wind_blow, layout_basic, minivault_26
D:2:      layout_loops_ring, patterned_corridor, uniq_terence
D:3:      layout_rooms, lemuel_tele_altar, serial_shops, shop, shop, shop,
          nicolae_shop_crystal, shop
D:4:      layout_rooms, minmay_misc_feat_five, hangedman_decor_points,
          kennysheep_dice
D:5:      layout_loops_ring, grunt_temple_overflow_holy_war,
          kennysheep_little_box, minmay_temple_entry_hall,
          serial_co_window_serial, co_window_paths_a,
          co_window_of_opportunity_a, co_window_corner_a, co_window_corner_a,
          co_window_paths_a, co_window_cross_1, co_window_corner_a,
          co_window_corner_b, co_window_broadway_b, co_window_corner_b,
          co_window_paths_c, co_window_2corner, co_window_unsneaky_path_c,
          glass_columns_a, glass_columns_a, glass_columns_a,
          nicolae_ossuary_entry_ruins, uniq_menkaure, uniq_prince_ribbit1
D:6:      layout_basic, mainiacjoe_overflow_24_doors,
          nicolae_gozag_cash_rules_everything_around_me, uniq_blork_the_orc
D:7:      layout_basic, trog_ov_bears_minmay, billiards_dpeg
D:8:      layout_loops_ring, mainiacjoe_overflow_paths, uniq_joseph
D:9:      layout_basic, serial_aquarium, aquarium_bridge_square
          [aquarium_subvault_balcony, aquarium_subvault_window,
          aquarium_subvault_bridge, aquarium_subvault_bridge],
          aquarium_bridge_square [aquarium_subvault_wall,
          aquarium_subvault_wall, aquarium_subvault_bridge,
          aquarium_subvault_bridge], aquarium_window_2, aquarium_window_fake,
          aquarium_window_1, aquarium_window_corner, aquarium_view_2d,
          aquarium_pool_five
D:10:     layout_cave_pools, mainiacjoe_overflow_tiny_flanked, orc_0_dummy,
          ebering_ghost_disaster_area, nicolae_diode_quadrants
D:11:     statuecave_lemuel, layout_rooms, erik_lair_island
D:12:     layout_roguey, serial_shops, nicolae_shop_tiny_glass,
          kennysheep_generic_room_10, uniq_rupert
D:13:     layout_rooms, hellmonk_vaults_keyhole, st_stairs_8, minivault_22,
          nicolae_lava_and_water
D:14:     layout_loops_corners, ebering_dispersal_statue_hall,
          gammafunk_ghost_abyssal_escape, nicolae_trove_entry_columns,
          uniq_roxanne, uniq_snorg
D:15:     gammafunk_depths_entry_grave, layout_basic, serial_shops,
          nicolae_shop_hallway_plus, minmay_misc_feat_chi
Temple:   dshaligram_water_room_temple
Lair:1:   gammafunk_indiana_jones, layout_cellular_growth, lemuel_fruit_fields,
          serial_bayou_shore_b, uniq_grum
Lair:2:   layout_loops_ring, minmay_swamp_entry_worms
Lair:3:   layout_small_grid, spider_nest_entry_funnel_web, uniq_nessos
Lair:4:   layout_long_grid, nicolae_slime_entry_field_trip, basic_altar,
          infiniplex_staircase_pool, grunt_megastairs_2, uniq_sonja,
          uniq_josephine
Lair:5:   hangedman_lair_tendril_chambers, layout_cave_pods, special_room
          [special_room_mythical_zoo], minmay_lindwurm_lava
Spider:1: layout_spider_delve, hangedman_spider_tarantella_strand
Spider:2: layout_spider_delve, beargit_elvish_explorers
Spider:3: nicolae_spider_hilbert_zone_7 [nicolae_spider_hilbert_4_sides_1_open,
          nicolae_spider_hilbert_4_sides_1_open,
          nicolae_spider_hilbert_4_sides_1_open,
          nicolae_spider_hilbert_4_sides_1_open,
          nicolae_spider_hilbert_3_sides_1_open,
          nicolae_spider_hilbert_3_sides_1_open,
          nicolae_spider_hilbert_3_sides_1_open,
          nicolae_spider_hilbert_3_sides_1_open,
          nicolae_spider_hilbert_4_sides_1_open,
          nicolae_spider_hilbert_4_sides_1_open,
          nicolae_spider_hilbert_4_sides_1_open,
          nicolae_spider_hilbert_2_sides_1_open,
          nicolae_spider_hilbert_2_sides_1_open,
          nicolae_spider_hilbert_2_sides_1_open,
          nicolae_spider_hilbert_2_sides_1_open,
          nicolae_spider_hilbert_2_sides_1_open,
          nicolae_spider_hilbert_2_sides_1_open], drop_trap, uniq_louise
Spider:4: spider_rune_water, nicolae_spider_webs_and_nodes
Orc:1:    layout_diamond_mine, gammafunk_ghost_arena, uniq_erolcha
Orc:2:    st_orc_open, layout_diamond_mine, basic_altar, serial_shops,
          freezing_bzr

Skill      XL: |  1  2  3  4  5  6  7  8  9 10 11 12 13 14 15 16 |
---------------+-------------------------------------------------+-----
Fighting       | 1 2 3 4 5 6 7 9 11 12 13 15 16 | 16.7
Short Blades   | 2 3 4 6 8 9 10 | 10.0
Ice Magic      | 1 2 |  2.0
Dodging        | 3 4 6 7 8 9 10 11 | 11.9
Stealth        | 5 6 7 8 10 11 12 13 14 15 | 15.0
Hexes          | 5 6 7 8 9 11 12 13 15 | 15.0
Spellcasting   | 3 4 5 7 8 9 |  9.0
Conjurations   | 2 3 4 |  4.0
Evocations     | 2 4 5 6 8 |  8.0
Armour         | 3 5 7 |  7.2
Shields        | |  0.7

Action                     |  1- 3 |  4- 6 |  7- 9 | 10-12 | 13-15 | 16-18 || total
---------------------------+-------+-------+-------+-------+-------+-------++-------
  Melee: Dagger            |    71 |   127 |   297 |   399 |  1144 |   310 ||  2348
         Bite              |     4 |    13 |    48 |    56 |   156 |    45 ||   322
         Quick blade       |       |       |       |       |       |    11 ||    11
  Throw: Dart              |       |       |       |     4 |     3 |     1 ||     8
   Cast: Ensorcelled Hiber |     4 |    10 |    48 |   136 |   317 |   149 ||   664
         Confusing Touch   |       |     3 |     7 |     9 |    50 |    14 ||    83
         Tukima's Dance    |       |       |     2 |     6 |     3 |       ||    11
         Dazzling Flash    |       |       |       |    40 |    46 |    26 ||   112
Ability: Lunge             |       |       |    28 |    36 |   110 |    41 ||   215
         Whirlwind         |       |       |       |    14 |    50 |    25 ||    89
  Evoke: Wand              |       |       |       |     3 |     2 |       ||     5
    Use: Scroll            |     4 |     6 |     9 |    15 |     7 |     5 ||    46
         Potion            |       |     1 |       |     2 |     1 |     1 ||     5
   Stab: Sleeping          |    17 |    11 |    44 |    85 |   217 |   104 ||   478
         Confused          |       |     2 |     5 |     9 |    49 |    12 ||    77
         Invisible         |       |       |       |    19 |    38 |    17 ||    74
         Distracted        |       |       |       |     1 |       |       ||     1
         Petrified         |       |       |       |       |     1 |       ||     1
         Held in net/web   |       |       |       |       |       |     2 ||     2
 Armour: Robe              |    41 |    32 |    79 |   155 |       |       ||   307
         Steam dragon scal |       |       |       |     2 |   405 |   170 ||   577
  Dodge: Dodged            |    29 |    55 |   100 |   316 |   757 |   291 ||  1548
  Block: Buckler           |       |       |    16 |    70 |   167 |   100 ||   353

Table legend: (Time is in decaauts)
 A = Elapsed time spent in this place.
 B = Non-inter-level travel time spent in this place.
 C = Inter-level travel time spent in this place.
 D = Time resting spent in this place.
 E = Time spent auto-exploring this place.
 F = Levels seen in this place.
 G = Mean time per level.
                   A        B        C        D        E       F      G
               +--------+--------+--------+--------+--------+-----+--------+
         Total |  33984 |  31397 |   2587 |   4293 |  20590 |  29 | 1171.9 |
       Dungeon |  14803 |  13465 |   1338 |    971 |  10197 |  15 |  986.9 |
        Temple |     18 |      9 |      9 |      0 |      0 |   1 |   18.0 |
          Lair |  10899 |  10249 |    650 |   1238 |   6915 |   5 | 2179.8 |
   Spider Nest |   5086 |   4756 |    330 |   1592 |   1885 |   4 | 1271.5 |
  Orcish Mines |   2400 |   2142 |    258 |    284 |   1290 |   2 | 1200.0 |
        Bazaar |     31 |     31 |      0 |      0 |     18 |   1 |   31.0 |
       Ossuary |    744 |    744 |      0 |    208 |    284 |   1 |  744.0 |
               +--------+--------+--------+--------+--------+-----+--------+

Top non-repeatable levels by time:
  Lair:5: 3002 daAuts
  Lair:1: 2091 daAuts
  Lair:2: 2044 daAuts
  Lair:3: 1926 daAuts
Spider:1: 1839 daAuts
  Lair:4: 1835 daAuts
Spider:3: 1708 daAuts
     D:5: 1436 daAuts
   Orc:2: 1414 daAuts
Spider:2: 1407 daAuts
    D:15: 1400 daAuts
    D:11: 1263 daAuts
     D:9: 1215 daAuts
    D:14: 1146 daAuts
     D:6: 1101 daAuts
